 Dungeon Crawl Stone Soup version 0.28.0-43-g3370ac3207 (webtiles) character file.

Game seed: 13438711314684053879

4302 terff the Cleaver (level 10, -6/91 HPs)
             Began as a Hill Orc Fighter on Apr 1, 2022.
             Was a High Priest of Okawaru.
             Killed from afar by Maurice (24 damage)
             ... with a bolt of acid
             ... on level 8 of the Dungeon.
             The game lasted 00:16:03 (9293 turns).

terff the Cleaver (Hill Orc Fighter)                Turns: 9293, Time: 00:16:04

Health: -6/91      AC:  4    Str: 22    XL:     10   Next: 32%
Magic:  10/10      EV: 12    Int:  8    God:    Okawaru [*****.]
Gold:   615        SH: 10    Dex: 12    Spells: 9/9 levels left

rFire   . . .      SeeInvis .   q - +8 woodcutter's axe {vorpal}
rCold   . . .      Faith    .   x - +0 kite shield
rNeg    . . .      Spirit   .   l - +2 leather armour {rPois}
rPois   +          Reflect  .   (no helmet)
rElec   .          Harm     .   k - +0 cloak
rCorr   .          Rampage  .   f - +0 pair of gloves
Will    .....                   (no boots)
Stlth   ++........              (no amulet)
HPRegen 0.25/turn               (no ring)
MPRegen 0.12/turn               (no ring)

@: corroded
A: poison resistance
a: Renounce Religion, Heroism, Finesse, Duel


You were on level 8 of the Dungeon.
You worshipped Okawaru.
Okawaru was extremely pleased with you.
You visited 2 branches of the dungeon, and saw 10 of its levels.
You also visited: Ossuary.

You collected 615 gold pieces.

Inventory:

Hand Weapons
 i - the +4 spear of Termination {vorpal, rN++ Str+3}
   (You found it on level 2 of the Dungeon)

   It inflicts extra damage upon your enemies.
   Str:       It affects your strength (+3).
   rN:        It greatly protects you from negative energy.
 n - the +9 whip "Entaafaa" {pain, rF+ rC+}
   (You found it on level 3 of the Dungeon)

   In the hands of one skilled in necromantic magic, it inflicts extra damage on
   living creatures.
   rF:        It protects you from fire.
   rC:        It protects you from cold.
 q - the +8 woodcutter's axe (weapon) {vorpal}
   (You found it on level 3 of the Dungeon)

   It inflicts extra damage upon your enemies.
Missiles
 s - a throwing net
Armour
 b - a +0 scale mail
 c - a +0 buckler
 f - a +0 pair of gloves (worn)
 k - a +0 cloak (worn)
 l - a +2 leather armour of poison resistance (worn)
 x - a +0 kite shield (worn)
Wands
 a - a wand of digging (12)
 o - a wand of acid (21)
 y - a wand of iceblast (10)
 I - a wand of mindburst (9)
Scrolls
 h - 2 scrolls of immolation
 A - a scroll of summoning
 B - 2 scrolls of magic mapping
 C - a scroll of vulnerability
Potions
 d - 3 potions of might
 e - 3 potions of flight
 g - 3 potions of curing
 j - a potion of heal wounds
 m - a potion of invisibility
 p - 2 potions of haste {unknown}
 r - 3 potions of resistance
 t - a potion of magic {unknown}
 u - 2 potions of mutation
 v - 5 potions of lignification
 z - a potion of berserk rage {unknown}
 D - 2 potions of cancellation {unknown}
 F - 3 potions of brilliance


   Skills:
 + Level 9.1 Fighting
 + Level 9.2(9.5) Axes
 + Level 1.4(5.0) Maces & Flails
 + Level 2.5(5.4) Polearms
 + Level 6.6 Armour
 + Level 5.1 Dodging
 + Level 2.7 Stealth
 + Level 7.2 Shields


You had 9 spell levels left.
You didn't know any spells.
Your spell library contained the following spells:

 Spells                   Type           Power      Damage    Failure   Level
 Sublimation of Blood     Necr           0%         N/A       88%         2
 Petrify                  Tmut/Erth      0%         N/A       100%        4
 Irradiate                Conj/Tmut      0%         3d13      100%        5
 Eringya's Noxious Bog    Tmut/Pois      0%         N/A       100%        6
 Summon Forest            Summ/Tloc      Unusable   N/A       N/A         5
 Summon Hydra             Summ           Unusable   N/A       N/A         7

Dungeon Overview and Level Annotations

Branches:
Dungeon (9/15)             Temple (1/1) D:4         Ossuary (visited)
   Lair: D:8-11         Orc: D:9-12

Altars:
Dithmenos
Hepliaklqana
Okawaru
Sif Muna
Vehumet
Beogh

Shops:
D:3 *   D:6 [

Annotations:
D:4 3 runed translucent doors, issech's ghost, amateur TrMo
D:8 Maurice


Innate Abilities, Weirdness & Mutations

Your system is resistant to poisons. (rPois)


Message History

Maurice zaps a wand.
The bolt of acid hits you! The acid corrodes you!
You slash the steam dragon!
The steam dragon is heavily wounded.
You are engulfed in a cloud of scalding steam.
The steam dragon bites you.
The steam dragon claws you but does no damage.
You hit the steam dragon but do no damage.
The steam dragon is heavily wounded.
Maurice zaps a wand.
The bolt of acid misses you. The steam dragon completely misses you.
The steam dragon claws you.
You hit the steam dragon.
The steam dragon is heavily wounded.
Maurice zaps a wand.
The bolt of acid misses you. The steam dragon breathes steam at you.
The ball of steam misses you.
You hit the steam dragon but do no damage.
The steam dragon is heavily wounded.
You are engulfed in a cloud of scalding steam.
Maurice mumbles some strange words.
Maurice blinks!
The steam dragon bites you but does no damage.
You block the steam dragon's attack.
You hit the steam dragon.
The steam dragon is severely wounded.
You are engulfed in a cloud of scalding steam.
The steam dragon bites you.
The steam dragon claws you but does no damage.
You slash the steam dragon!
You kill the steam dragon!
Okawaru accepts your kill.
Maurice says, "Have you got some gold to spare?"
There is an open door here.
You are no longer corroded.
Maurice zaps a wand.
The bolt of acid hits you!!!
* * * LOW HITPOINT WARNING * * *
The acid corrodes you!
Maurice mumbles some strange words.
Maurice puts on a burst of speed!
Maurice zaps a wand.
The bolt of acid hits you!!
You die...

,*,**,,*,*+*,#..........,,,,,,,,*
*,,,,*,*,,,,,#..........,,,,,,,,*
,**,**,**#####...#*,,,,,,,,,,,,,*
,,,,,,,,,........##,,,,,,,,,,,,,*
,,,,,***,.........#***,**********
,,,,,* *,.......#.## *,*,,,,,,,,,
,,,,,* **########..# *,*,,,,,,,,,
,,,,,* ####....@..#**,*,,,,,,,,,
,,,,,*###.....##@#.#*,,,,,,,,,,,,
,,,,,##.....###..#.#*,,,,,,,,,,,,
****##.....##.#..#.#*,,,,,,,,,,,,
#......###.###.#*,,,,,,,,,,,,
##.....##..#..#.#*,,,,,,,,,,,, #
##......##).#..#..*,,,,,,,,,,,,
###.......####)####.*,,,,,,,,,,,,
.........###..#..#*,**,*,,,,,,,,,
.........#.#..#).#*,,*,*,,,,,,,,,


You could see Maurice (swift).

Vanquished Creatures
  Pikel (D:8)
  A hornet (D:8)
  A steam dragon (D:8)
  2 acid dragons (D:8)
  A water moccasin (D:8)
  A sky beast (D:6)
  4 ice beasts
  A necrophage (D:6)
  An ogre (D:6)
  5 centaurs
  4 lemures (D:8)
  A phantom (D:5)
  3 kobold brigands (D:8)
  2 bullfrogs (D:8)
  2 gnoll sergeants
  A wyvern zombie (D:8)
  2 scorpions
  4 electric eels (D:7)
  3 howler monkeys (D:7)
  A bullfrog zombie (D:6)
  2 centaur skeletons (D:7)
  2 hounds
  3 jellies
  A gnoll shaman (D:8)
  5 orc priests
  2 bullfrog skeletons
  3 orc wizards (D:5)
  3 iguanas
  3 killer bee zombies
  8 mummies (Ossuary)
  4 howler monkey zombies
  11 gnolls
  13 adders
  4 ufetubi
  An adder skeleton (D:4)
  4 worms
  2 dart slugs
  16 orcs
  4 endoplasms
  3 giant cockroaches
  7 hobgoblins
  7 jackals
  5 quokkas
  8 ball pythons
  8 bats
  6 frilled lizards
  A gnoll zombie (Ossuary)
  5 goblins
  A hobgoblin zombie (Ossuary)
  13 kobolds
  2 kobold zombies (Ossuary)
  4 orc zombies (Ossuary)
  5 rats
207 creatures vanquished.

Vanquished Creatures (others)
  28 plants (D:7)
28 creatures vanquished.

Grand Total: 235 creatures vanquished

Notes
Turn   | Place    | Note
-------+----------+-------------------------------------------
     0 | D:1      | terff the Hill Orc Fighter began the quest for the Orb.
     0 | D:1      | Reached XP level 1. HP: 19/19 MP: 1/1
   222 | D:1      | Reached XP level 2. HP: 24/26 MP: 2/2
   897 | D:1      | Reached XP level 3. HP: 33/33 MP: 3/3
   992 | D:1      | Found a faded altar of an unknown god.
  1121 | D:2      | Found a shimmering blue altar of Sif Muna.
  1413 | D:2      | Reached XP level 4. HP: 34/40 MP: 4/4
  1431 | D:2      | Identified the +4 spear of Termination {vorpal, rN++ Str+3}
  1949 | D:3      | Found Jaxaudghi's Assorted Antiques.
  2208 | D:3      | Noticed a scorpion
  2235 | D:3      | Killed a scorpion
  2236 | D:3      | Reached skill level 1 in Polearms
  2236 | D:3      | Reached skill level 1 in Dodging
  2236 | D:3      | Reached XP level 5. HP: 6/46 MP: 5/5
  2703 | D:3      | Identified the +9 whip "Entaafaa" {pain, rF+ rC+}
  3061 | D:3      | Reached XP level 6. HP: 25/52 MP: 6/6
  3275 | D:3      | Found the +8 woodcutter's axe {vorpal}
  3728 | D:4      | Reached skill level 5 in Armour
  3790 | D:4      | Identified the +6 whip of the People {vamp, Int+4}
  3885 | D:4      | Found a staircase to the Ecumenical Temple.
  3893 | Temple   | Entered the Ecumenical Temple
  3918 | Temple   | Became a worshipper of Warmaster Okawaru
  3951 | D:4      | Found a runed translucent gate.
  3951 | D:4      | Identified the +1 plate armour of Broken Taboos {Harm
                  | *Corrode Str+6 Dex+3}
  3951 | D:4      | Noticed an orc warrior
  3951 | D:4      | Noticed issech's ghost (amateur TrMo)
  3952 | D:4      | Found a runed translucent gate.
  3953 | D:4      | Found a runed translucent gate.
  3954 | D:4      | Found a roughly hewn altar of Beogh.
  4724 | D:5      | Entered Level 5 of the Dungeon
  4780 | D:5      | Noticed an ice beast
  4787 | D:5      | Killed an ice beast
  4788 | D:5      | Reached skill level 5 in Axes
  4788 | D:5      | Reached skill level 1 in Maces & Flails
  4788 | D:5      | Reached XP level 7. HP: 60/60 MP: 7/7
  5013 | D:5      | Reached skill level 5 in Fighting
  5016 | D:5      | Reached * piety under Okawaru
  5576 | D:5      | Reached XP level 8. HP: 69/69 MP: 8/8
  5648 | D:6      | Found Heong's Antique Armour Emporium.
  5856 | D:6      | Reached skill level 1 in Stealth
  5883 | D:6      | Reached ** piety under Okawaru
  5884 | D:6      | Reached skill level 5 in Shields
  6008 | D:6      | Found a sand-covered staircase.
  6012 | Ossuary  | Entered an ossuary
  6566 | D:7      | Reached XP level 9. HP: 78/78 MP: 9/9
  6908 | D:7      | Found a hazy altar of Hepliaklqana.
  7266 | D:7      | HP: 3/79 [electric eel/bolt of electricity (11)]
  7269 | D:7      | Reached *** piety under Okawaru
  7275 | D:7      | HP: 1/79 [electric eel/bolt of electricity (6)]
  8470 | D:8      | Noticed a hornet
  8804 | D:8      | Killed a hornet
  8830 | D:8      | Gained mutation: Your system is resistant to poisons.
                  | (rPois) [potion of mutation]
  9058 | D:8      | Noticed Pikel
  9061 | D:8      | Reached **** piety under Okawaru
  9067 | D:8      | Reached XP level 10. HP: 81/90 MP: 10/10
  9070 | D:8      | Killed Pikel
  9138 | D:8      | Reached skill level 5 in Dodging
  9146 | D:8      | Reached ***** piety under Okawaru
  9272 | D:8      | Noticed Maurice
  9293 | D:8      | Killed from afar by Maurice

Illustrated notes

Levels and vault maps discovered:
D:1:      lemuel_arrival_behind_the_door_small, layout_basic,
          ebering_ecumenical_altar_ruins
D:2:      layout_loops_ring, basic_altar, chequers_serial_rivers_large_b,
          st_stairs_5, minmay_pentomino_t4
D:3:      layout_basic, serial_shops, shop_statue, pf_guarded_unrand_woodcutter
D:4:      layout_basic, minmay_temple_entry_ruins, biasface_ghost_orc_armoury
D:5:      layout_basic
D:6:      layout_rooms, enter_ossuary_5, serial_shops, shop,
          kennysheep_generic_room_11
D:7:      layout_gridville, overflow_temple_1_default, serial_bayou,
          serial_bayou_ford_a, serial_bayou_lake_a, serial_bayou_pond_b,
          serial_bayou_pond_d
D:8:      minmay_s_stair_smasher, layout_basic, zin_scriptorium,
          serial_bayou_pond_a, solitary_fountain, minmay_shattered_shrine,
          uniq_pikel, uniq_maurice
D:9:      minmay_the_grid_net [minmay_the_grid_outer_circle,
          minmay_the_grid_stretched_grid, minmay_the_grid_mess,
          minmay_the_grid_holed_spiral, minmay_the_grid_large_cup,
          minmay_the_grid_prize_four_corners], layout_gridville,
          nicolae_overflow_crystal_walls
Temple:   mainiacjoe_temple_bowtie_tessellation

Skill      XL: |  1  2  3  4  5  6  7  8  9 10 |
---------------+-------------------------------+-----
Axes           | 3 4 5 7 8 9 |  9.2
Fighting       | 4 5 6 8 9 |  9.1
Polearms       | 1 2 |  2.5
Dodging        | 1 2 3 4 5 |  5.1
Armour         | 4 5 6 |  6.6
Shields        | 4 5 6 7 |  7.2
Maces & Flails | 1 |  1.4
Stealth        | 1 2 |  2.7

Action                   |  1- 3 |  4- 6 |  7- 9 | 10-12 || total
-------------------------+-------+-------+-------+-------++-------
Melee: War axe           |   121 |    68 |   266 |    28 ||   483
       Spear             |       |    58 |       |       ||    58
       Whip              |       |    22 |       |       ||    22
  Use: Scroll            |     2 |     5 |    13 |       ||    20
       Potion            |       |     2 |     3 |       ||     5
 Stab: Sleeping          |       |       |     2 |       ||     2
Armor: Scale mail        |    78 |    61 |       |       ||   139
       Leather armour    |       |    17 |    70 |    10 ||    97
Dodge: Dodged            |    66 |    67 |   127 |    23 ||   283
Block: Buckler           |    25 |    31 |    24 |       ||    80
       Kite shield       |       |       |    61 |    19 ||    80
